Map: 뉴 리퍼그넌시 - 래더

Players

Zest - Winner!

  • Race: Protoss Protoss
  • League: Master
  • Spawn Location: 7:00

llllllllllll (Trap)

  • Race: Protoss Protoss
  • League: Master
  • Spawn Location: 1:00

VOD

Have the link to the VOD?

Description

Time

  • Played on: Aug. 8, 2019, 9:35 a.m.
  • Length: 11:45
Show
View Real Time Build Order
Export as new Build Order

Zest Protoss - Winner!

Build Orders: Oracle Opening, Phoenix Opening 

Get SALT Encoding   

  12  0:00  Probe  
  13  0:12  Probe  
  14  0:17  Pylon  
  14  0:24  Probe  
  15  0:32  Probe  
  15  0:37  Gateway  
  15  0:40  Probe  
  16  0:46  Assimilator  
  17  0:51  Probe  
  17  0:55  Assimilator  
  18  1:00  Probe  
  19  1:08  Probe, Gateway  
  19  1:17  Probe  
  20  1:24  Cybernetics Core  
  21  1:29  Probe  
  22  1:35  Pylon  
  22  1:41  Probe  
  23  1:53  Probe  
  24  2:00  Stargate  
  24  2:07  Warp Gate  
  28  2:18  Stalker  
  28  2:19  Stalker  
  28  2:23  Shield Battery  
  28  2:27  Pylon  
  28  2:34  Oracle  
  31  2:57  Nexus  
  31  3:04  Phoenix  
  33  3:19  Gateway  
  32  3:28  Shield Battery  
  32  3:31  Phoenix  
  34  3:54  Pylon  
  34  3:56  Phoenix, Probe  
  37  4:08  Probe  
  37  4:09  Pylon  
  38  4:12  Nexus  
  38  4:20  Probe  
  39  4:28  Twilight Council  
  39  4:30  Sentry  
  41  4:32  Probe  
  42  4:43  Sentry  
  42  4:44  Probe  
  45  4:54  Pylon  
  45  4:56  Probe  
  45  4:58  Blink  
  46  5:08  Probe  
  47  5:18  Probe  
  48  5:21  Probe  
  48  5:26  Probe  
  49  5:30  Probe  
  49  5:34  Probe  
  51  5:40  Probe, Forge  
  51  5:41  Stalker x2  
  57  5:46  Sentry  
  57  5:47  Probe  
  60  5:50  Pylon  
  60  5:52  Probe  
  61  5:58  Protoss Ground Weapons Level 1  
  61  5:59  Pylon, Probe  
  61  6:02  Robotics Facility  
  63  6:04  Probe  
  63  6:11  Probe  
  64  6:16  Probe, Assimilator  
  64  6:18  Shield Battery  
  65  6:20  Assimilator  
  65  6:26  Probe  
  65  6:28  Probe  
  65  6:42  Stalker x2  
  65  6:44  Stalker  
  71  6:50  Pylon  
  71  6:52  Probe x2  
  73  6:58  Gateway  
  73  7:00  Gateway  
  73  7:01  Charge  
  73  7:02  Gateway  
  73  7:03  Observer  
  74  7:10  Stalker x2  
  74  7:15  Stalker  
  74  7:34  Immortal  
  74  7:35  Stalker x2  
  74  8:00  Templar Archives  
  74  8:03  Nexus  
  74  8:04  Pylon  
  74  8:09  Sentry, Zealot  
  74  8:10  Warp Prism, Zealot x4  
  88  8:24  Pylon  
  88  8:36  High Templar x2, Zealot x3  
  88  8:37  Zealot  
  100  8:43  Gateway  
  100  8:46  Archon  
  100  8:48  Gateway  
  100  9:09  High Templar x2  
  104  9:10  Zealot x3  
  104  9:14  Archon  
  104  9:15  Zealot  
  112  9:33  Pylon  
  112  9:37  High Templar x2  
  112  9:38  Zealot x3  
  122  9:40  Photon Cannon  
  122  9:42  Archon, Zealot  
  124  9:55  Pylon  
  124  10:04  High Templar x2, Zealot x2  
  132  10:08  Archon  
  132  10:11  Pylon  
  132  10:16  Zealot x4  
  132  10:18  Immortal  
  136  10:27  Sentry  
  138  10:32  Pylon  
  142  10:36  Pylon  
  142  10:37  Pylon  
  142  10:50  Immortal  
  142  11:01  Photon Cannon  
  142  11:03  High Templar x2, Zealot x5  
  142  11:04  Zealot  
  159  11:08  Archon  
  141  11:25  Zealot  
  141  11:26  Zealot x5  
Show
View Real Time Build Order
Export as new Build Order

llllllllllll Protoss 

Build Orders: Phoenix Opening 

Get SALT Encoding   

  12  0:00  Probe  
  13  0:12  Probe  
  14  0:17  Pylon  
  14  0:24  Probe  
  15  0:32  Probe  
  15  0:38  Gateway  
  15  0:40  Probe  
  17  0:50  Probe  
  17  0:54  Assimilator  
  18  0:58  Assimilator  
  18  1:00  Probe  
  19  1:07  Gateway  
  19  1:08  Probe  
  19  1:17  Probe  
  21  1:26  Cybernetics Core  
  21  1:29  Probe  
  22  1:35  Pylon  
  22  1:41  Probe  
  23  1:52  Warp Gate  
  23  1:53  Probe  
  24  2:02  Stalker x2  
  28  2:13  Pylon  
  28  2:31  Stargate  
  28  2:36  Stalker  
  30  2:41  Stalker  
  32  2:46  Gateway  
  31  3:17  Nexus  
  34  3:27  Pylon  
  34  3:40  Stalker x2  
  30  3:57  Phoenix  
  30  4:01  Probe  
  33  4:14  Probe  
  33  4:16  Twilight Council  
  34  4:24  Blink  
  34  4:26  Probe  
  34  4:29  Probe  
  36  4:38  Probe  
  36  4:41  Probe  
  38  4:50  Probe  
  39  4:53  Probe  
  39  4:59  Stalker  
  42  5:08  Stalker  
  42  5:09  Probe x2  
  46  5:21  Probe  
  46  5:22  Probe  
  46  5:26  Shield Battery  
  48  5:32  Stalker  
  48  5:33  Probe  
  48  5:34  Probe  
  52  5:45  Robotics Facility  
  52  5:47  Stalker  
  54  5:51  Stalker  
  54  5:53  Probe  
  54  5:54  Probe  
  58  6:04  Pylon  
  58  6:06  Probe  
  58  6:07  Probe  
  60  6:13  Assimilator x2  
  60  6:19  Probe x2  
  60  6:25  Stalker x2  
  66  6:27  Stalker  
  66  6:29  Probe  
  66  6:32  Probe  
  66  6:36  Observer  
  66  6:37  Probe  
  66  6:44  Probe  
  66  6:45  Charge  
  66  6:46  Probe  
  68  6:52  Forge  
  69  6:56  Probe  
  69  6:58  Pylon  
  70  7:03  Pylon  
  70  7:08  Probe  
  70  7:09  Probe  
  68  7:18  Protoss Ground Weapons Level 1  
  66  7:24  Probe x2  
  56  7:39  Probe x2  
  58  7:46  Gateway  
  58  7:49  Observer, Gateway  
  58  7:50  Gateway  
  58  7:51  Probe  
  61  7:52  Gateway  
  61  7:54  Gateway  
  60  7:59  Templar Archives, Sentry x2  
  60  8:04  Immortal  
  64  8:06  Probe x2  
  69  8:26  Pylon  
  69  8:35  High Templar  
  69  8:36  Immortal, High Templar  
  69  8:40  Pylon  
  73  8:48  Archon  
  77  8:52  Nexus  
  77  8:54  Pylon  
  76  9:04  High Templar x2  
  76  9:05  Zealot x2  
  76  9:07  Zealot  
  86  9:15  Warp Prism, Zealot x2  
  86  9:16  Archon  
  92  9:29  Zealot x2  
  96  9:36  High Templar x2  
  96  9:37  Zealot  
  102  9:41  Archon  
  102  9:51  Pylon  
  102  9:53  Pylon  
  102  9:57  Observer  
  102  10:06  High Templar  
  102  10:07  High Templar, Zealot x4  
  106  10:11  Archon  
  106  10:12  Zealot  
  114  10:22  Zealot  
  115  10:31  High Templar x2  
  115  10:32  Zealot x3  
  125  10:36  Archon  
  125  10:37  Pylon  
  125  10:49  Zealot  
  127  10:50  Stalker x2  
  125  11:05  High Templar x2, Zealot  
  125  11:06  Zealot x2  
  125  11:09  Zealot  
  125  11:10  Archon  
  135  11:25  Zealot x3  
  117  11:26  Zealot x3  
Tags
 
Add a new tag
Caveats
  • Supply blocks, unpowered buildings, or Contaminate may cause inaccurate times.
  • Supply counts are checked every 10 seconds.